AoeStats
← Dherleg

Arabia

510168653Analyzed
1v1 RM · 3d ago on Sep 29, 2026· 35m 29s· 2 players
Game mode
Random Map
Map size
Tiny (2 player)
Population
200
Speed
Normal
Resources
Standard
Victory
Conquest
Starting age
Dark Age
Ending age
Imperial Age
RankedLock teamsTeams togetherTeam positionsShared explorationLock speedFull tech treeHidden civsTurbo modeCheats
Victory
Defeat
🇨🇴 Wu · Colombia
1030
+17
🇨🇴 Inca · Colombia
1044
-17
INK | Papa pitufo
5:41 Loom
9:37 Feudal Age
9:50 Man-at-Arms
20:26 Scale Mail Armor
20:50 Double-Bit Axe
23:44 Castle Age
24:56 Forging
24:37 Fletching
26:38 Wheelbarrow
27:18 Long Swordsman
28:00 Squires
38:01 Imperial Age
Dherleg
3:29 Loom
10:35 Feudal Age
10:40 Champi Runner
19:05 Fletching
26:36 Castle Age
26:06 Double-Bit Axe
32:51 Bodkin Arrow
Connection lost

Rejoining the realm…

Still unreachable

The connection could not be restored.

Session expired

The server has moved on; the page needs a fresh start.